 Dungeon Crawl Stone Soup version 0.32-a0-312-g1d7162e (webtiles) character file.

Game seed: 3567089746201015809

3635425 jagoly the Dwarven Cataclysm (level 27, 273/273 HPs)
             Began as a Mountain Dwarf Fighter on Feb 14, 2024.
             Was a High Priest of Qazlal.
             Escaped with the Orb
             ... and 5 runes
             ... and 1 gem (intact)!
             The game lasted 03:54:56 (60854 turns).

jagoly the Dwarven Cataclysm (MDFi)                Turns: 60854, Time: 03:54:56

Health: 273/273    AC: 50    Str: 53    XL:     27
Magic:  17/40      EV: 17    Int: 21    God:    Qazlal [*****.]
Gold:   6035       SH:  7    Dex: 13    Spells: 19/26 levels left

rFire   + . .        a - +8 frozen axe "Frostbite" {freeze, freezing cloud, *Noise Fly rC+}
rCold   + . .        (shield currently unavailable)
rNeg    + . .        c - +10 pearl dragon scales of Bikk {rElec rN+ Int+3}
rPois   .            e - +2 helmet "Qelextuli" {rElec rF- rCorr Str+8}
rElec   +            b - +1 cloak {Will+}
rCorr   +            y - +0 pair of gloves {Str+3}
SInv    .            z - +2 pair of boots {Stlth+}
Will    +++..        Y - amulet "Nejieth" {rF++ Regen+ Int+4} Stlth
                     g - ring "Ikuot" {Str+6 Dex+4}
HPRegen 1.45/turn    N - ring "Neiqihikyx" {AC+4 Str+5 Int+3}
MPRegen 0.27/turn

%: repel missiles, clarity
@: flying
A: runic magic, artefact enchanting, iridescent scales 1, clarity, mutation
resistance 1
0: Orb of Zot
}: 5/15 runes: serpentine, barnacled, slimy, silver, abyssal
a: Renounce Religion, Upheaval, Elemental Force, Disaster Area


You escaped.
You worshipped Qazlal.
Qazlal was extremely pleased with you.
You visited 11 branches of the dungeon, and saw 55 of its levels.
You visited the Abyss 1 time.
You also visited: Ossuary and Desolation.

You collected 8257 gold pieces.
You spent 2222 gold pieces at shops.

Inventory:

Hand Weapons
 a - the +8 frozen axe "Frostbite" (weapon) {freeze, freezing cloud, *Noise Fly rC+}
   (You found it on level 11 of the Dungeon)

   rC+:       It protects you from cold.
   Fly:       It grants you flight.
   *Noise:    It may make a loud noise when swung.
Missiles
 f - 10 silver javelins
 l - 50 boomerangs (quivered)
 r - 16 curare-tipped darts
 O - 5 throwing nets
 W - 13 javelins
Armour
 b - a +1 cloak of willpower (worn)
 c - the +10 pearl dragon scales of Bikk (worn) {rElec rN+ Int+3}
   (You acquired it on level 13 of the Dungeon)

   Int+3:     It affects your intelligence (+3).
   rElec:     It insulates you from electricity.
   rN+:       It protects you from negative energy.
 e - the +2 helmet "Qelextuli" (worn) {rElec rF- rCorr Str+8}
   (You found it on level 4 of the Snake Pit)

   Str+8:     It affects your strength (+8).
   rF-:       It makes you vulnerable to fire.
   rElec:     It insulates you from electricity.
   rCorr:     It protects you from acid and corrosion.
 y - a +0 pair of gloves of strength (worn)
 z - a +2 pair of boots of stealth (worn)
Jewellery
 g - the ring "Ikuot" (left hand) {Str+6 Dex+4}
   (You took it off a deep elf elementalist on level 3 of the Elven Halls)

   [ring of strength]

   Str+6:     It affects your strength (+6).
   Dex+4:     It affects your dexterity (+4).
 j - the ring "Ciguisk" {rPois rC+}
   (You took it off a red draconian on level 5 of the Realm of Zot)

   [ring of protection from cold]

   rC+:       It protects you from cold.
   rPois:     It protects you from poison
 p - the ring of Wisdom {^Drain rC+ rN+ Int+2 Dex+4}
   (You took it off a deep elf high priest on level 5 of the Vaults)

   [ring of positive energy]

   Int+2:     It affects your intelligence (+2).
   Dex+4:     It affects your dexterity (+4).
   rC+:       It protects you from cold.
   rN+:       It protects you from negative energy.
   ^Drain:    It drains your maximum health when unequipped.
 v - the ring "Isicri" {rF+ Str-3 Int+6 Slay+4 SInv}
   (You found it on level 4 of the Vaults)

   [ring of intelligence]

   Str-3:     It affects your strength (-3).
   Int+6:     It affects your intelligence (+6).
   Slay+4:    It affects your accuracy & damage with ranged weapons and melee
   (+4).
   rF+:       It protects you from fire.
   SInv:      It lets you see invisible.
 A - the ring "Kuoggeipp" {Fly Will+}
   (You found it on level 1 of the Depths)

   [ring of flight]

   Will+:     It increases your willpower.
   Fly:       It grants you flight.
 K - the ring "Usissex" {rElec rF+}
   (You found it on level 2 of the Shoals)

   [ring of protection from fire]

   rF+:       It protects you from fire.
   rElec:     It insulates you from electricity.
 N - the ring "Neiqihikyx" (right hand) {AC+4 Str+5 Int+3}
   (You found it on level 3 of the Elven Halls)

   [ring of protection]

   AC+4:      It affects your AC (+4).
   Str+5:     It affects your strength (+5).
   Int+3:     It affects your intelligence (+3).
 R - the ring of Coess {Ice rPois Will+ Int+3}
   (You took it off Josephina on level 4 of the Depths)

   [ring of ice]

   Ice:       It enhances your ice magic.
   Int+3:     It affects your intelligence (+3).
   rF-:       It makes you vulnerable to fire.
   rC+:       It protects you from cold.
   rPois:     It protects you from poison Will+: It increases your willpower.
 Y - the amulet "Nejieth" (around neck) {rF++ Regen+ Int+4}
   (You bought it in a shop on level 2 of the Orcish Mines)

   [amulet of regeneration]

   Int+4:     It affects your intelligence (+4).
   rF++:      It greatly protects you from fire.
   Regen+:    It increases your rate of health regeneration.
Wands
 B - a wand of iceblast (93)
 I - a wand of light (33)
Scrolls
 m - 9 scrolls of poison
 o - 10 scrolls of butterflies
 q - a scroll of silence
 s - 7 scrolls of immolation
 w - 9 scrolls of blinking
 C - 33 scrolls of teleportation
 J - 9 scrolls of fear
 L - a scroll of brand weapon
 T - 8 scrolls of fog
 X - 7 scrolls of vulnerability
Potions
 d - 4 potions of might
 h - 9 potions of berserk rage
 i - 4 potions of invisibility
 k - 25 potions of curing
 t - 10 potions of brilliance
 u - 5 potions of haste
 x - 8 potions of mutation
 D - 7 potions of cancellation
 E - 6 potions of attraction
 F - 9 potions of heal wounds
 H - 7 potions of lignification
 P - 4 potions of resistance
 Q - 3 potions of magic
 S - 8 potions of enlightenment
 V - 4 potions of ambrosia
Miscellaneous
 G - a box of beasts
 U - a lightning rod (4/4)
 Z - a phial of floods


   Skills:
 O Level 27 Fighting
 - Level 24.0 Axes
 - Level 16.0 Throwing
 - Level 24.0 Armour
 + Level 13.2 Dodging
 - Level 4.0 Shields
 - Level 10.0 Translocations
 - Level 8.0 Air Magic
 O Level 27 Invocations
 - Level 8.0 Evocations


You had 19 spell levels left.
You knew the following spells:

 Your Spells              Type           Power      Damage    Failure   Level
q - Apportation           Tloc           84%        N/A       1%          1
z - Vhi's Electric Charg  Tloc/Air       74%        N/A       4%          4
B - Blink                 Tloc           84%        N/A       1%          2

Your spell library contained the following spells:

 Spells                   Type           Power      Damage    Failure   Level
 Lesser Beckoning         Tloc           84%        N/A       1%          2
 Gell's Gravitas          Tloc           42%        N/A       1%          3
 Swiftness                Air            33%        N/A       1%          3
 Teleport Other           Tloc           42%        N/A       1%          3
 Shock                    Conj/Air       64%        1d7       3%          1
 Momentum Strike          Conj/Tloc      42%        3d9       3%          2
 Manifold Assault         Tloc           42%        N/A       3%          4
 Passage of Golubria      Tloc           42%        N/A       3%          4
 Mercury Vapours          Alch/Air       32%        N/A       5%          2
 Static Discharge         Conj/Air       32%        3-5/arc   5%          2
 Volatile Blastmotes      Fire/Tloc      42%        2d13      7%          3
 Airstrike                Air            16%        2d(3-19)  7%          4
 Cigotuvi's Dreadful Rot  Necr/Alch/Air  22%        N/A       10%         2
 Foxfire                  Conj/Fire      0%         2x1d4     19%         1
 Kiss of Death            Conj/Necr      0%         2d5       19%         1
 Necrotise                Necr           0%         1d4       19%         1
 Slow                     Hex            0%         N/A       19%         1
 Sting                    Conj/Alch      0%         1d3       19%         1
 Summon Small Mammal      Summ           0%         N/A       19%         1
 Mephitic Cloud           Conj/Alch/Air  11%        N/A       19%         3
 Iskenderun's Mystic Bla  Conj/Tloc      21%        2d6       24%         4
 Ensorcelled Hibernation  Hex/Ice        0%         N/A       28%         2
 Jinxbite                 Hex            0%         N/A       28%         2
 Scorch                   Fire           0%         2d5       28%         2
 Summon Lightning Spire   Summ/Air       16%        N/A       34%         4
 Confusing Touch          Hex            0%         N/A       50%         3
 Dazzling Flash           Conj/Hex       0%         N/A       50%         3
 Frozen Ramparts          Ice            0%         1d1       50%         3
 Fugue of the Fallen      Necr           0%         N/A       50%         3
 Hailstorm                Conj/Ice       0%         3d5       50%         3
 Inner Flame              Hex/Fire       0%         N/A       50%         3
 Ozocubu's Armour         Ice            0%         N/A       50%         3
 Passwall                 Erth           0%         N/A       50%         3
 Sigil of Binding         Hex            0%         N/A       50%         3
 Stone Arrow              Conj/Erth      0%         3d7       50%         3
 Summon Ice Beast         Ice/Summ       0%         N/A       50%         3
 Tukima's Dance           Hex            0%         N/A       50%         3
 Vampiric Draining        Necr           0%         2d6       50%         3
 Summon Forest            Summ/Tloc      10%        N/A       54%         5
 Arcjolt                  Conj/Air       8%         1d18      69%         5
 Silence                  Hex/Air        8%         N/A       69%         5
 Freezing Cloud           Conj/Ice/Air   5%         6-21      87%         5
 Anguish                  Hex/Necr       0%         N/A       88%         4
 Animate Armour           Summ/Erth      0%         N/A       88%         4
 Animate Dead             Necr           0%         N/A       88%         4
 Brom's Barrelling Bould  Conj/Erth      0%         2d3       88%         4
 Cause Fear               Hex            0%         N/A       88%         4
 Dispel Undead            Necr           0%         3d6       88%         4
 Flame Wave               Conj/Fire      0%         2d4       88%         4
 Fulminant Prism          Conj/Alch      0%         3d5       88%         4
 Ignite Poison            Fire/Alch      0%         N/A       88%         4
 Leda's Liquefaction      Alch/Erth      0%         N/A       88%         4
 Martyr's Knell           Necr/Summ      0%         N/A       88%         4
 Sticky Flame             Fire/Alch      0%         2d4       88%         4
 Summon Blazeheart Golem  Fire/Summ      0%         N/A       88%         4
 Alistair's Intoxication  Alch           0%         N/A       99%         5
 Borgnjor's Vile Clutch   Necr/Erth      0%         N/A       99%         5
 Curse of Agony           Necr           0%         N/A       99%         5
 Fireball                 Conj/Fire      0%         3d3       99%         5
 Irradiate                Conj/Alch      0%         3d11      99%         5
 Lee's Rapid Deconstruct  Erth           0%         3d4*      99%         5
 Metabolic Englaciation   Hex/Ice        0%         N/A       99%         5
 Yara's Violent Unravell  Hex/Alch       0%         3d3       99%         5
 Plasma Beam              Fire/Air       8%         2x1d18    99%         6
 Bombard                  Conj/Erth      0%         9d1       100%        6
 Death Channel            Necr           0%         N/A       100%        6
 Eringya's Noxious Bog    Alch           0%         4d6       100%        6
 Sculpt Simulacrum        Ice/Alch       0%         N/A       100%        6
 Starburst                Conj/Fire      0%         6d3       100%        6
 Summon Cactus Giant      Summ           0%         N/A       100%        6
 Enfeeble                 Hex            0%         N/A       100%        7
 Haunt                    Necr/Summ      0%         N/A       100%        7
 Malign Gateway           Summ/Tloc      10%        N/A       100%        7
 Orb of Destruction       Conj           0%         9d5       100%        7
 Spellforged Servitor     Conj/Summ      0%         N/A       100%        7
 Summon Hydra             Summ           0%         N/A       100%        7
 Borgnjor's Revivificati  Necr           0%         N/A       100%        8
 Discord                  Hex            0%         N/A       100%        8
 Disjunction              Tloc           21%        N/A       100%        8
 Ignition                 Fire           0%         3d3       100%        8
 Infestation              Necr           0%         N/A       100%        8
 Lehudib's Crystal Spear  Conj/Erth      0%         10d2      100%        8
 Summon Horrible Things   Summ           0%         N/A       100%        8
 Chain Lightning          Conj/Air       8%         3d10      100%        9
 Death's Door             Necr           0%         N/A       100%        9
 Dragon's Call            Summ           0%         N/A       100%        9
 Polar Vortex             Ice            0%         N/A       100%        9


Dungeon Overview and Level Annotations

Branches:
Dungeon (15/15)            Temple (0/1) D:7            Lair (5/5) D:9
 Shoals (4/4) Lair:2        Snake (4/4) Lair:2        Slime (5/5) Lair:5
    Orc (2/2) D:11            Elf (3/3) Orc:2        Vaults (5/5) D:14
  Crypt (3/3) Vaults:2       Tomb (0/3) Crypt:3      Depths (4/4) D:15
    Zot (5/5) Depths:4    Ossuary (visited)         Desolation (visited)

Altars:
Cheibriados
Elyvilon
Fedhas
Hepliaklqana
Kikubaaqudgha
Nemelex Xobeh
Qazlal
Sif Muna
Trog
Vehumet
Wu Jian
Xom
Yredelemnul
The Shining One
Beogh

Shops:
D:2 :   D:4 :   D:9 *   D:12 :!!   D:14 (   Orc:2 =([![   Shoals:4 (
Vaults:4 [   Depths:2 (   Depths:4 :

Portals:
Hell: Depths:1 Depths:2 Depths:3 Depths:4
Abyss: Depths:2 Depths:3 Depths:4
Pandemonium: Depths:2
Ziggurat: Depths:4
Trove: Vaults:4 (give +3 storm dragon scales)

Annotations:
D:15 1 transporter
Elf:2 3 runed translucent doors
Zot:1 Boris
Zot:5 1 exclusion


Innate Abilities, Weirdness & Mutations

Your spellcasting is much less encumbered by armour.
You can use scrolls of enchantment on lesser artefacts.
You are partially covered in iridescent scales. (AC +2)
You possess an exceptional clarity of mind.
You are somewhat resistant to further mutation.


Message History

What level of the Dungeon? (default 1, ? - help)
Okay, then.
Unknown command.
Unknown command.
You feel yourself speed up.
Boris rolls out his victims' laments.
The howling sorrow hits you. You partially resist.
There is an open door here.
There is a gate leading back out of this place here.
You fly up through the gate.
Welcome back to the Depths!
There is a gate to the Realm of Zot here.
What level of the Dungeon? (default 1, ? - help)
There is an open door, spattered with blood here.
Things that are here:
+0 fire dragon scales; a fire dragon skeleton
There is an open door here.
There is an open door here.
Items here: [[ ÷÷.
Things that are here:
a +0 troll leather armour; a deep troll skeleton
Things that are here:
a +0 scale mail; a +2 heavy battleaxe Your extra speed is starting to run out.
You feel yourself slow down.
There is a stone staircase leading up here.
You fly upwards.
There is a stone staircase leading down here.
There is an open door here.
There is an open door here.
There is a stone staircase leading up here.
You fly upwards.
There is a stone staircase leading down here.
There is a stone staircase leading up here.
You fly upwards.
There is a stone staircase leading down here.
A smoke demon comes into view.
You see here a very ugly thing skeleton.
The smoke demon moves out of view.
There is a staircase back to the Dungeon here.
You fly upwards.
Welcome back to the Dungeon!
Level annotation: 1 transporter A cherub comes into view.
It is wielding a +0 long sword of flaming.
There is a staircase to the Depths here.
What level of the Dungeon? (default 1, ? - help)
Okay, then.
You throw a boomerang. The cherub blocks the boomerang.
You throw a boomerang. The boomerang hits the cherub!!!
The cherub is heavily wounded.
You throw a boomerang. The boomerang barely misses the cherub.
You throw a boomerang. The cherub blocks the boomerang.
The cherub unwields a +0 long sword of flaming.
It stops flaming.
The cherub wields a +0 sling.
The cherub shoots a sling bullet.
The sling bullet misses you.
You throw a boomerang. The cherub blocks the boomerang.
You throw a boomerang. The boomerang misses the cherub.
The cherub shoots a sling bullet.
The sling bullet hits you but does no damage.
You throw a boomerang. The boomerang hits the cherub!
The cherub is severely wounded.
The cherub shoots a sling bullet.
You block the sling bullet.
You throw a boomerang. The boomerang hits the cherub!!!
You kill the cherub!
Qazlal accepts your kill.
You hear a sizzling splash. x4
No target in view!
No target in view!
What level of the Dungeon? (default 1, ? - help) Number of times to repeat, then command key: You must enter the number of times for the command to repeat.
Okay, then.
Unknown command.
What level of the Dungeon? (default 1, ? - help) Unknown command.
A great orb of eyes comes into view.
The great orb of eyes bites you but does no damage.
You open the great orb of eyes like a pillowcase!!!!
You freeze the great orb of eyes!
You kill the great orb of eyes!
Qazlal accepts your kill.
No target in view!
No target in view!
What level of the Dungeon? (default 1, ? - help)
You see here a +0 long sword.
You hear a shout!
A daeva comes into view.
It is wielding a +3 scimitar of holy wrath.
There is a stone staircase leading up here.
You fly upwards.
There is a stone staircase leading down here.
What level of the Dungeon? (default 1, ? - help)
There is an open door here.
There is a stone staircase leading up here.
You fly upwards.
There is a stone staircase leading down here.
There is an open door here.
There is a stone staircase leading up here.
You fly upwards.
There is a stone staircase leading down here.
There is an open door here.
There is a stone staircase leading up here.
You fly upwards.
There is a stone staircase leading down here.
An Ice Fiend comes into view.
The Ice Fiend roars!
You slice the Ice Fiend!!
The Ice Fiend is moderately wounded.
You slash the Ice Fiend!
The Ice Fiend is moderately wounded.
The Ice Fiend gestures at you. The bolt of cold misses you.
You open the Ice Fiend like a pillowcase!!!
The Ice Fiend is almost dead.
The Ice Fiend claws you! The Ice Fiend freezes you!! You resist.
You feel protected from cold. The Ice Fiend claws you!
The Ice Fiend freezes you! You resist.
You slice the Ice Fiend!!
You kill the Ice Fiend!
Qazlal accepts your kill.
No target in view!
What level of the Dungeon? (default 1, ? - help)
A demonspawn warmonger and an Executioner come into view.
The demonspawn warmonger is wielding a +1 demon blade of venom and wearing a +0 tower shield of fire resistance.
There is a stone staircase leading up here.
The Executioner gives a hideous shriek!
You fly upwards.
There is a stone staircase leading down here.
What level of the Dungeon? (default 1, ? - help)
Your protection from cold is fading.
You feel less protected from cold.
Things that are here:
a +0 mace; an orc skeleton
Items here: )))) ÷÷.
HP restored.
There is a stone staircase leading up here.
You fly upwards.
There is a stone staircase leading down here.
HP restored.
There is a stone staircase leading up here.
You fly upwards.
There is a stone staircase leading down here.
There is a stone staircase leading up here.
You fly upwards.
There is a stone staircase leading down here.
Items here: )) [[.
There is a stone staircase leading up, spattered with blood here.
You fly upwards.
There is a stone staircase leading down here.
There is a stone staircase leading up here.
You fly upwards.
There is a stone staircase leading down here.
There is a stone staircase leading up here.
You fly upwards.
There is a stone staircase leading down here.
An Orb Guardian comes into view.
Aiming: Dig
Press: ? - help, Shift-Dir - straight line A rock wall.
This square is covered in magical glow.
The rock shatters into small pieces.
The now-empty wand crumbles to dust.
There is a stone staircase leading up here.
The Orb Guardian is engulfed in freezing vapours.
You fly upwards.
There is a stone staircase leading down here.
What level of the Dungeon? (default 1, ? - help)
An Orb Guardian comes into view.
You throw a boomerang. The boomerang hits the Orb Guardian!
The Orb Guardian is lightly wounded.
You throw a boomerang. The boomerang hits the Orb Guardian!!!
The Orb Guardian is severely wounded.
You throw a boomerang. The boomerang hits the Orb Guardian!!!
You kill the Orb Guardian!
Qazlal accepts your kill.
No target in view!
No target in view!
What level of the Dungeon? (default 1, ? - help)
A ynoxinul comes into view.
You open the ynoxinul like a pillowcase!!!
You freeze the ynoxinul.
You kill the ynoxinul!
Qazlal accepts your kill.
No target in view!
No target in view!
What level of the Dungeon? (default 1, ? - help)
A reaper comes into view. It is wielding a +1 heavy scythe.
A cherub comes into view.
It is wielding a +2 long sword of flaming.
The cherub's eagle head screeches!
The cherub unwields a +2 long sword of flaming.
It stops flaming.
The cherub wields a +0 sling.
The cherub shoots a sling bullet.
You block the sling bullet.
There is a stone staircase leading up here.
You fly upwards.
There is a stone staircase leading down here.
What level of the Dungeon? (default 1, ? - help)
An Executioner comes into view.
The Executioner gestures.
The Executioner seems to speed up.
The Executioner hits you! The Executioner barely misses you.
The Executioner completely misses you.
A large abomination comes into view.
The Executioner hits you but does no damage. x3
You slice the Executioner like a ripe choko!!!
You freeze the Executioner.
The Executioner is almost dead.
You block the Executioner's attack. The Executioner barely misses you. x2
The Executioner hits you but does no damage. x3
You cut the Executioner into ribbons!!! You freeze the Executioner.
You kill the Executioner!
Qazlal accepts your kill.
You barely miss the large abomination.
A large abomination comes into view.
The large abomination hits you but does no damage.
You barely miss the large abomination.
You carve the large abomination like a ham!!!
You freeze the large abomination!!
You destroy the large abomination!
Qazlal accepts your kill.
The large abomination is engulfed in a thunderstorm.
You slash the large abomination! You freeze the large abomination.
You destroy the large abomination!
Qazlal accepts your kill.
No target in view!
No target in view!
What level of the Dungeon? (default 1, ? - help) HP restored.
A large abomination comes into view.
There is a stone staircase leading up here.
You barely miss the large abomination. You slice the large abomination!!
You freeze the large abomination!
The large abomination is severely damaged.
You block the large abomination's attack.
You cut the large abomination into ribbons!!!!
You freeze the large abomination.
You destroy the large abomination!
Qazlal accepts your kill.
You hear a loud, deep croak!
No target in view!
You fly upwards.
There is a stone staircase leading down here.
What level of the Dungeon? (default 1, ? - help)
A sun demon comes into view.
The sun demon shouts!
The sun demon hits you but does no damage.
You hit the sun demon. You freeze the sun demon.
The sun demon is lightly wounded.
You hear a hideous shriek!
The sun demon hits you!
You are engulfed in flames!
You resist.
A hell beast comes into view.
The hell beast hisses angrily.
You slice the sun demon!! You freeze the sun demon!
The sun demon is severely wounded.
The sun demon hits you!
You are engulfed in flames!
You resist.
You feel protected from fire.
You chop the sun demon into pieces!!! You freeze the sun demon.
You kill the sun demon!
Qazlal accepts your kill.
The hell beast is engulfed in freezing vapours.
The hell beast bites you but does no damage.
The hell beast tramples you but does no damage.
You slash the hell beast! You freeze the hell beast.
The hell beast is moderately wounded.
The hell beast is engulfed in freezing vapours.
The hell beast completely misses you. The hell beast misses you.
You cut the hell beast into ribbons!!! You freeze the hell beast!!
You kill the hell beast!
Qazlal accepts your kill.
No target in view!
No target in view!
What level of the Dungeon? (default 1, ? - help) HP restored.
Your protection from fire is fading.
There is a staircase leading out of the dungeon here.
Activating: Disaster Area (0% risk of failure)
Press: ? - help, Dir - look around, f - activate Nature churns violently around you!
The blast of ice hits the plant!!!
The plant begins to die.
The plant is moderately damaged.
The plant is flash-frozen.
The blast of ice hits the plant!!!
The plant begins to die.
The plant is moderately damaged.
The plant is flash-frozen.
The blast of ice hits the plant!!!
The plant begins to die.
The plant is moderately damaged.
The plant is flash-frozen.
The blast of ice hits the plant!!!
The plant begins to die.
The plant is moderately damaged.
The plant is flash-frozen.
The cutting wind hits the plant!!
The plant begins to die.
The plant is lightly damaged.
The cutting wind hits the plant!!!
The plant begins to die.
The plant is moderately damaged.
The cutting wind hits the plant!!!
The plant begins to die.
The plant is lightly damaged.
The cutting wind hits the plant!!!
The plant begins to die.
The plant is moderately damaged.
The blast of magma engulfs the plant!!!
The plant is heavily damaged.
The blast of magma engulfs the plant!!!
The plant begins to die.
The plant is moderately damaged.
The blast of magma engulfs the plant!!
The plant is heavily damaged.
The blast of magma engulfs the plant!!!
The plant is heavily damaged.
The blast of magma engulfs the plant!!!
The plant begins to die.
The plant is moderately damaged.
The cutting wind hits the plant!!
The plant is severely damaged.
The cutting wind hits the plant!!
The plant begins to die.
The plant is lightly damaged.
The cutting wind hits the plant!!!
The plant is moderately damaged.
The cutting wind hits the plant!!!
The plant is moderately damaged.
The blast of magma engulfs the plant!!!
The plant begins to die.
The plant is moderately damaged.
The blast of magma engulfs the plant!!!
The plant begins to die.
The plant is moderately damaged.
The blast of magma engulfs the plant!!!
The plant is severely damaged.
The blast of magma engulfs the plant!!!
The plant begins to die.
The plant is moderately damaged.
The blast of magma engulfs the plant!!!
The plant is almost destroyed.
The blast of ice hits the plant!!!!
The plant is severely damaged.
The plant is flash-frozen.
The blast of ice hits the plant!!!
The plant begins to die.
The plant is moderately damaged.
The plant is flash-frozen.
The blast of ice hits the plant!!
The plant is heavily damaged.
The plant is flash-frozen.
The blast of ice hits the plant!!
The plant begins to die.
The plant is lightly damaged.
The plant is flash-frozen.
The blast of ice hits the plant!!
The plant is heavily damaged.
The cutting wind hits the plant!!
The plant begins to die.
The plant is lightly damaged.
The cutting wind hits the plant!!!
The plant begins to die.
The plant is moderately damaged.
The cutting wind hits the plant!!!
The plant begins to die.
The plant is moderately damaged.
The cutting wind hits the plant!!
The plant begins to die.
The plant is lightly damaged.
The blast of ice hits the plant!!
The plant is moderately damaged.
The plant is flash-frozen.
The blast of ice hits the plant!!!
The plant is heavily damaged.
The plant is flash-frozen.
The blast of ice hits the plant!!!
The plant is heavily damaged.
The plant is flash-frozen.
The blast of ice hits the plant!!!
The plant begins to die.
The plant is moderately damaged.
The plant is flash-frozen.
The blast of ice hits the plant!!!
The plant begins to die.
The plant is moderately damaged.
The plant is flash-frozen.
The blast of ice hits the plant!!!
The plant is heavily damaged.
The plant is flash-frozen.
The cutting wind hits the plant!!!
The plant is severely damaged.
The blast of magma engulfs the plant!!
The plant is moderately damaged.
The blast of magma engulfs the plant!!!
The plant is severely damaged.
The blast of rubble hits the plant!!!
The plant is almost destroyed.
The blast of rubble hits the plant!!!
The plant is heavily damaged.
The blast of rubble hits the plant!!!
The plant is severely damaged.
The blast of rubble hits the plant!!!
The plant is almost destroyed.
The blast of rubble hits the plant!!!!
The plant is severely damaged.
The blast of rubble hits the plant!!!
The plant is heavily damaged.
The blast of rubble hits the plant!!
The plant is moderately damaged.
The blast of rubble hits the plant!!!
The plant is severely damaged.
The blast of rubble hits the plant!!!
The plant is almost destroyed.
The blast of rubble hits the plant!!!!
You destroy the plant!
The blast of rubble hits the plant!!
The plant is severely damaged.
The blast of rubble hits the plant!!!
The plant is severely damaged.
The blast of rubble hits the plant!!!
The plant is severely damaged.
The blast of rubble hits the plant!!!
The plant is almost destroyed.
The blast of rubble hits the plant!!!
You destroy the plant!
The blast of rubble hits the plant!!!
The plant is heavily damaged.
The blast of rubble hits the plant!!!
The plant is heavily damaged.
The blast of magma engulfs the plant!!!
The plant is almost destroyed.
The blast of magma engulfs the plant!!!
The plant is heavily damaged.
The blast of magma engulfs the plant!!!
You destroy the plant!
The blast of magma engulfs the plant!!!
The plant is heavily damaged.
The blast of rubble hits the plant!!!
The plant is almost destroyed.
The blast of rubble hits the plant!!!
The plant is almost destroyed.
The blast of rubble hits the plant!!
The plant is severely damaged.
The blast of rubble hits the plant!!
You destroy the plant!
The blast of magma engulfs the plant!!
You destroy the plant!
The blast of magma engulfs the plant!!!
The plant is almost destroyed.
You feel less protected from fire.
The plant is engulfed in a thunderstorm.
Activating: Disaster Area (0% risk of failure)
Press: ? - help, Dir - look around, f - activate Nature churns violently around you!
The blast of ice hits the plant!!
The plant is severely damaged.
The blast of ice hits the plant!!
The plant is moderately damaged.
The blast of magma engulfs the plant!!!
You destroy the plant!
You hear a sizzling sound!
The blast of magma engulfs the plant!!!
The plant is almost destroyed.
The blast of magma engulfs the plant!!
You destroy the plant!
You hear a sizzling sound!
The blast of ice hits the plant!!
You destroy the plant!
The blast of ice hits the plant!!!
You destroy the plant!
The cutting wind hits the plant!!!
The plant is heavily damaged.
The blast of ice hits the plant!!!
You destroy the plant!
The cutting wind hits the plant!!!
The plant is almost destroyed.
The blast of rubble hits the plant!!!
The plant is almost destroyed.
The blast of rubble hits the plant!!
You destroy the plant!
The blast of ice hits the plant!!
The plant is heavily damaged.
The plant is flash-frozen.
The blast of ice hits the plant!!
The plant is heavily damaged.
The plant is flash-frozen.
The cutting wind hits the plant!!!
The plant is heavily damaged.
The cutting wind hits the plant!!
The plant is almost destroyed.
The cutting wind hits the plant!!!
You destroy the plant!
The cutting wind hits the plant!!!
You destroy the plant!
The cutting wind hits the plant!!!
The plant is almost destroyed.
The cutting wind hits the plant!!!
The plant is almost destroyed.
The cutting wind hits the plant!!!
The plant is severely damaged.
The cutting wind hits the plant!
The plant is almost destroyed.
The cutting wind hits the plant!!!
You destroy the plant!
The cutting wind hits the plant!!!
The plant is almost destroyed.
The cutting wind hits the plant!!!
You destroy the plant!
The blast of rubble hits the plant!!!
You destroy the plant!
The blast of rubble hits the plant!!
You destroy the plant!
The blast of rubble hits the plant!!!
You destroy the plant!
The cutting wind hits the plant!!!
The plant is heavily damaged.
The blast of ice hits the plant!!!
The plant is severely damaged.
The plant is flash-frozen.
Activating: Disaster Area (0% risk of failure)
Press: ? - help, Dir - look around, f - activate Nature churns violently around you!
The cutting wind hits the plant!!!
The plant is almost destroyed.
The blast of ice hits the plant!!
The plant is severely damaged.
You hear a sizzling sound!
The blast of magma engulfs the plant!!!
You destroy the plant!
The cutting wind hits the plant!!!
You destroy the plant!
The blast of rubble hits the plant!!!
You destroy the plant!
The cutting wind hits the plant!!!
You destroy the plant!
You have escaped!

########÷####.............##.#
..........≈≈...§.§..>#######.#
.........≈≈≈§.§≈§§.#.≈≈......#
........#.§≈≈.≈≈≈§≈...≈.######
........#≈§§§§.≈≈.§≈≈≈≈~#
........#~§.§§.≈§§.§§§§§#
........#≈≈~§§§○≈.☼≈.≈§≈#
........#≈≈§§§≈○§.§§§≈≈≈#
........#≈§§≈§.≈@°.~§≈§≈#
........#§≈§§≈≈○≈≈§.§§§§#
........#≈≈§≈§.○....§§~≈#
#######.#≈§≈≈≈.≈≈≈≈§≈.~§#
#######.#≈≈...§..≈≈≈§..~#
........#§§..≈≈.≈≈≈≈§≈§.###
#######..#######≈≈.≈..§§..#
#### ##########.# #.#


There were no monsters in sight!

Vanquished Creatures
  the Royal Jelly (Slime:5)
  Khufu (Crypt:1)
  4 dread liches
  5 ancient liches
  Frederick (Depths:4)
  5 orbs of fire
  Mennas (Depths:3)
  A juggernaut (Depths:4)
  Sojobo (Depths:4)
  Bai Suzhen (Vaults:2)
  A royal mummy (Crypt:1)
  Boris (thrice) (Vaults:2 Vaults:3 Depths:4)
  Josephina (Depths:4)
  12 Killer Klowns
  2 caustic shrikes (Depths:2)
  The ghost of Taefomeze the Ruinous, an adept DrNe of Vehumet (Elf:3)
  A profane servitor (Crypt:3)
  8 golden dragons
  Nikola (Elf:1)
  The ghost of alcopop the Warrior, a veteran DsAl of Cheibriados (Vaults:4)
  Jory (Depths:4)
  Norris (Elf:1)
  3 bone dragons
  A Brimstone Fiend (Zot:5)
  4 electric golems
  Rupert (D:14)
  Jorgrun (D:15)
  The ghost of Vephes the Peltast, an adept HuWn of Okawaru (Shoals:2)
  An Ice Fiend (D:11)
  Zenata (Elf:2)
  9 liches
  25 Orb Guardians
  A deep elf blademaster (Elf:3)
  13 tentacled monstrosities
  The ghost of Ofretuj the Convoker, an adept DsSu of Ru (Elf:3)
  7 titans
  The ghost of Qefi the Executioner, an adept MiBe of Trog (Shoals:3)
  13 sphinxes
  A deep elf master archer (Elf:3)
  A walking divine tome (Depths:2)
  9 tentacled starspawn (Abyss:3)
  13 acid blobs
  6 quicksilver dragons
  An ancient champion (Crypt:2)
  14 death cobs
  A kraken (Shoals:2)
  Frances (D:14)
  2 Executioners
  8 tengu reavers
  Kirke (Elf:1)
  7 shadow dragons
  Roxanne (Shoals:1)
  The ghost of Zebuhay the Black Belt, an adept DgSh (Snake:2)
  8 storm dragons
  2 draconian knights
  The ghost of Taits the Devastator, an adept DsFE of Gozag (Elf:3)
  Donald (Snake:4)
  4 nagarajas
  9 fire giants
  12 azure jellies
  4 protean progenitors
  A revenant (Crypt:3)
  10 rockslimes
  3 draconian monks
  15 frost giants
  9 deep elf sorcerers
  23 vault wardens
  3 deep elf elementalists
  8 draconian scorchers
  4 draconian shifters
  3 ghost moths
  Louise (D:14)
  3 imperial myrmidons (Desolation)
  15 ghouls
  14 ironbound preservers
  The ghost of Eklaxil the Scorcher, a journeyman DEBr of Vehumet (Elf:3)
  3 draconian annihilators
  8 draconian stormcallers
  2 orc warlords
  3 curse skulls
  33 very ugly things
  10 ironbound thunderhulks
  A caustic shrike skeleton (Crypt:1)
  13 quicksilver oozes
  13 stone giants
  7 formless jellyfish
  3 spriggan defenders
  6 deep elf death magi
  7 deep elf demonologists (Elf:3)
  A bunyip (Zot:3)
  3 green draconians
  10 spark wasps
  2 vampire knights
  7 yellow draconians
  15 dire elephants
  14 black draconians
  3 war gargoyles
  2 halazid warlocks (Desolation)
  7 purple draconians
  14 red draconians
  11 deep elf annihilators
  Snorg (D:11)
  9 white draconians
  13 eidola
  6 merfolk javelineers
  10 crystal guardians
  4 mummy priests
  7 fire dragons
  3 jiangshi (Crypt:1)
  10 yaktaur captains
  6 merfolk impalers
  6 deep elf high priests
  6 ettins
  2 fenstrider witch zombies (Crypt:3)
  8 great orbs of eyes
  A great orb of eyes (shapeshifter) (Abyss:3)
  2 ragged hierophants (Desolation)
  An entropy weaver (Vaults:3)
  38 vault guards
  7 salamander tyrants
  10 ironbound frosthearts
  3 servants of whispers (Desolation)
  5 spriggan zombies
  A caustic shrike simulacrum (Elf:2)
  A sphinx zombie (Depths:2)
  5 hydras
  12 peacekeepers
  The ghost of Ifreg the Thaumaturge, a journeyman DjAl of Makhleb (Lair:2)
  9 spriggan air magi
  7 rakshasas
  A hell beast (D:1)
  4 catoblepae
  6 merfolk avatars
  3 radroaches (Elf:2)
  An ogre mage (Vaults:5)
  6 satyrs
  12 ice dragons
  3 two-headed ogres
  5 death knights
  6 anacondas
  5 alligator snapping turtles
  A death yak (D:9)
  7 merfolk aquamancers
  10 centaur warriors
  A bennu zombie (Crypt:2)
  3 tengu warriors
  6 boulder beetles
  25 dancing weapons
  12 deep troll earth magi
  7 deep troll shamans
  2 occultists
  5 thrashing horrors (Abyss:3)
  12 naga warriors
  3 orc high priests
  A titan zombie (Crypt:3)
  8 spriggan berserkers
  3 soul eaters
  8 deep elf knights
  13 shock serpents
  13 naga sharpshooters
  14 skysharks
  2 sun demons
  4 wretched stars (Abyss:3)
  2 salamander mystics (Snake:4)
  A shadow wraith (Crypt:2)
  5 spriggans
  A titan skeleton (Abyss:3)
  A golden dragon zombie (Abyss:3)
  3 death drakes
  24 skeletal warriors
  A sixfirhy (Zot:4)
  A sea snake (shapeshifter) (Depths:3)
  32 sea snakes
  A goliath frog (Zot:5)
  9 iron trolls
  2 bunyip zombies (Crypt:3)
  An iron giant zombie (Crypt:3)
  6 arcanists
  A shadow demon (Abyss:3)
  A cherub (D:15)
  An orb spider (Abyss:3)
  23 phantasmal warriors
  20 deep elf archers
  32 deep trolls
  2 bunyip skeletons
  8 glowing orange brains
  9 flayed ghosts
  6 naga ritualists
  A spriggan simulacrum (Depths:4)
  A bog body (Crypt:2)
  21 ironbound convokers
  20 large abominations
  12 lindwurms
  A shadow dragon zombie (Crypt:3)
  16 mana vipers
  9 lightning spires
  3 orc knights
  A frost giant zombie (Depths:2)
  18 harpies
  3 shining eyes
  26 deep elf pyromancers
  4 necromancers
  2 orc sorcerers (Orc:2)
  4 wolf spiders (Crypt:3)
  3 oklob plants (Lair:5)
  Maurice (D:9)
  35 ugly things
  14 fauns
  19 salamanders
  27 deep elf zephyrmancers
  15 manticores
  8 worldbinders
  A stone giant zombie (Crypt:3)
  26 moths of wrath
  A jorogumo skeleton (Crypt:1)
  5 cyclopes
  A frost giant skeleton (Vaults:1)
  6 water nymphs
  A dire elephant zombie (Crypt:3)
  6 elephants
  3 centaur zombies (Crypt:3)
  3 guardian serpents (shapeshifter) (Abyss:3)
  26 vault sentinels
  5 kobold blastminers (Orc:2)
  An apocalypse crab (Abyss:3)
  32 black mambas
  5 merfolk sirens
  7 guardian serpents
  2 ice statues (Elf:2)
  5 smoke demons (Abyss:3)
  12 naga magi
  2 molten gargoyles (Desolation)
  6 torpor snails (Lair:5)
  15 cane toads
  A hellion (Abyss:3)
  A gargoyle (D:11)
  A centaur skeleton (Crypt:1)
  The ghost of gb0801 the Changeling, a novice DrSh of Ru (D:5)
  A torpor snail (shapeshifter) (Depths:1)
  5 rime drakes
  A yaktaur zombie (Vaults:1)
  Jeremiah (D:7)
  14 freezing wraiths
  10 komodo dragons
  11 unseen horrors
  A kobold demonologist (D:13)
  4 efreet
  A redback zombie (Crypt:1)
  A komodo dragon (shapeshifter) (Vaults:2)
  2 tengu conjurers
  33 yaktaurs
  2 ice devils (D:11)
  A sea snake skeleton (Crypt:1)
  An iron troll zombie (Crypt:2)
  35 merfolk
  2 ancient zymes (Abyss:3)
  5 guardian mummies
  A golden dragon simulacrum (Elf:2)
  4 polar bears
  6 trolls
  2 hellwings (Abyss:3)
  2 tarantellas (Elf:2)
  8 wind drakes
  12 hornets
  4 tyrant leeches (Lair:5)
  6 blink frogs
  A tengu simulacrum (Depths:4)
  6 raiju
  2 harpy skeletons (Abyss:3)
  24 dream sheep
  35 saltlings (Desolation)
  A meliai zombie (Crypt:1)
  13 snapping turtles
  6 glass eyes
  4 jumping spiders (Crypt:3)
  A jumping spider (shapeshifter) (D:15)
  A centaur simulacrum (D:14)
  A slime creature (shapeshifter) (Abyss:3)
  A shadow (D:11)
  12 water elementals
  A ynoxinul (D:3)
  7 air elementals
  82 slime creatures
  24 fire elementals
  6 wyverns
  14 wraiths
  40 yaks
  12 small abominations
  2 vampires
  A hog (Elf:1)
  Grum (D:11)
  3 basilisks
  9 golden eyes
  A human simulacrum (Vaults:1)
  A human (Elf:1)
  3 wargs (Orc:1)
  4 redbacks
  An alligator snapping turtle simulacrum (Elf:2)
  5 neqoxecs (Abyss:3)
  3 vampire mosquitoes (D:13)
  4 chaos spawn
  34 nagas
  Edmund (D:4)
  22 water moccasins
  An acid dragon (D:11)
  3 hydra simulacra (Elf:2)
  38 orc warriors
  A merfolk skeleton (Crypt:2)
  4 black bears
  2 ice beasts
  3 sky beasts
  12 laughing skulls
  A fire dragon simulacrum (Elf:2)
  7 boggarts
  11 ogres
  41 wolves
  11 centaurs
  An elephant skeleton (Crypt:1)
  A draconian zombie (Crypt:1)
  7 weeping skulls (Abyss:3)
  3 phantoms
  A brain worm (Abyss:3)
  6 kobold brigands
  10 bullfrogs
  6 earth elementals
  2 necrophages
  2 scorpions (D:5)
  A glowing shapeshifter simulacrum (Depths:4)
  25 wights
  A water moccasin zombie (Crypt:2)
  2 burial acolytes (Ossuary)
  5 wyvern skeletons (Crypt:3)
  A snapping turtle simulacrum (Elf:2)
  3 killer bees (D:9)
  7 howler monkeys
  6 electric eels
  A bombardier beetle (D:5)
  2 quasits (Abyss:3)
  4 hounds
  An iron imp (Abyss:3)
  A jelly (D:5)
  28 orc priests
  18 starcursed masses (Abyss:3)
  2 iguanas
  28 orc wizards
  A boggart skeleton (Crypt:2)
  An acid dragon skeleton (Crypt:1)
  2 mummies (Crypt:3)
  6 gnolls
  12 adders
  A swamp drake zombie (Crypt:1)
  6 white imps
  5 ufetubi
  An adder skeleton (Ossuary)
  4 dart slugs
  2 ribbon worms
  125 orcs
  10 bats
  10 endoplasms
  4 giant cockroaches
  8 goblins
  7 hobgoblins
  3 jackals (D:1)
  4 quokkas
  3 training dummies (Shoals:4)
  7 ball pythons
  7 frilled lizards
  3 hobgoblin skeletons (Ossuary)
  20 kobolds
  3 kobold skeletons (Ossuary)
  An orc skeleton (Ossuary)
  4 rats
  4 aspiring fleshes
  4 lurking horrors (Abyss:3)
  8 starspawn tentacles (Abyss:3)
  6 tentacles (Shoals:2)
2751 creatures vanquished.

Vanquished Creatures (collateral kills)
  A dread lich (Vaults:5)
  The ghost of december12 the Spry, an adept BaAr of Nemelex Xobeh (Elf:3)
  The ghost of Caerwyn the Ripper, an adept FeSh of Jiyva (Snake:4)
  An ettin (Vaults:5)
  A deep troll shaman (Depths:4)
  A deep troll (Depths:4)
  A mana viper (shapeshifter) (Vaults:5)
  2 salamanders (Snake:4)
9 creatures vanquished.

Vanquished Creatures (others)
  A Killer Klown (Zot:4)
  2 draconian shifters (Zot:4)
  A black draconian (Zot:4)
  A skyshark (Shoals:1)
  A sixfirhy (Zot:4)
  A spriggan simulacrum (Depths:4)
  2 deep elf zephyrmancers
  A sphinx simulacrum (Depths:4)
  A merfolk siren (Shoals:4)
  2 humans (Elf:1)
  An orc warrior (Orc:2)
  A centaur (Lair:2)
  18 starspawn tentacles (Abyss:3)
  6 tentacles (Shoals:2)
39 creatures vanquished.

Grand Total: 2799 creatures vanquished

Notes
Turn   | Place    | Note
-------+----------+-------------------------------------------
     0 | D:1      | jagoly the Mountain Dwarf Fighter began the quest for the
                  | Orb.
     0 | D:1      | Reached XP level 1. HP: 19/19 MP: 1/1
   150 | D:1      | Reached XP level 2. HP: 26/26 MP: 2/2
   363 | D:1      | Reached XP level 3. HP: 28/31 MP: 3/3
   366 | D:1      | Found a faded altar of an unknown god.
   672 | D:1      | Reached skill level 5 in Axes
   707 | D:1      | Reached XP level 4. HP: 38/38 MP: 4/4
   833 | D:2      | Found a shimmering altar of Xom.
  1246 | D:2      | Found Gujalienn's Book Emporium.
  1868 | D:3      | Reached XP level 5. HP: 45/45 MP: 5/5
  2074 | D:3      | Found a white marble altar of Elyvilon.
  2080 | D:3      | Became a worshipper of Elyvilon the Healer
  2734 | D:4      | Found Uwnatyik's Tiny Tomes.
  2858 | D:4      | Noticed a phantom
  2878 | D:4      | Killed a phantom
  2879 | D:4      | Reached XP level 6. HP: 48/51 MP: 6/6
  2920 | D:4      | Noticed Edmund
  2965 | D:4      | Reached * piety under Elyvilon
  3000 | D:4      | Found a shimmering blue altar of Sif Muna.
  3049 | D:4      | Identified the +1 scale mail "Pabra" {rPois rC+ Dex-3 SInv}
  3239 | D:5      | Entered Level 5 of the Dungeon
  3246 | D:5      | Noticed an ice beast
  3262 | D:5      | Killed an ice beast
  3280 | D:5      | Reached XP level 7. HP: 52/57 MP: 7/7
  3288 | D:5      | Found a runed translucent gate.
  3289 | D:5      | Found a runed translucent gate.
  3290 | D:5      | Found a runed translucent gate.
  3291 | D:5      | Noticed gb0801's ghost (novice DrSh)
  3292 | D:5      | Identified the +1 chain mail "Neeg" {Rampage Dex+6 Stlth+}
  3294 | D:5      | Found a roughly hewn altar of Beogh.
  3362 | D:5      | Found a sand-covered staircase.
  3372 | Ossuary  | Entered an ossuary
  3823 | Ossuary  | Reached skill level 10 in Axes
  4195 | D:5      | Reached XP level 8. HP: 61/63 MP: 8/8
  4219 | D:5      | Reached ** piety under Elyvilon
  5101 | D:5      | Killed gb0801's ghost
  5347 | D:6      | Reached skill level 5 in Fighting
  5347 | D:6      | Reached skill level 5 in Armour
  5457 | D:6      | Reached XP level 9. HP: 64/75 MP: 9/9
  6059 | D:6      | Found a hazy altar of Hepliaklqana.
  6059 | D:6      | Found an ornate altar of the Wu Jian Council.
  6079 | D:6      | Found a snail-covered altar of Cheibriados.
  6082 | D:6      | Found a stormy altar of Qazlal.
  6085 | D:6      | Found a sparkling altar of Nemelex Xobeh.
  6088 | D:6      | Fell from the grace of Elyvilon
  6088 | D:6      | Became a worshipper of Qazlal Stormbringer
  6090 | D:6      | Found a blossoming altar of Fedhas.
  6577 | D:7      | Reached * piety under Qazlal
  7102 | D:7      | Found a glowing golden altar of the Shining One.
  7162 | D:7      | Found a staircase to the Ecumenical Temple.
  7162 | D:7      | Noticed Jeremiah
  7213 | D:7      | Killed Jeremiah
  7409 | D:8      | Identified the +0 chain mail of Ignis's Brutal Revenge
                  | {MP+9 Int+3}
  8177 | D:9      | Noticed a boulder beetle
  8329 | D:9      | Reached XP level 10. HP: 67/88 MP: 10/10
  8347 | D:9      | Noticed Maurice
  8406 | D:9      | Maurice stole a +3 flail of freezing
  8407 | D:9      | Killed Maurice
  8621 | D:9      | Noticed an elephant
  8622 | D:9      | Noticed a death yak
  8622 | D:9      | Found a staircase to the Lair.
  8631 | D:9      | Killed an elephant
  8632 | D:9      | Reached skill level 15 in Axes
  8654 | D:9      | Killed a death yak
  8716 | D:9      | Reached ** piety under Qazlal
  8879 | D:9      | Killed a boulder beetle
  9191 | D:9      | Found Nonuwn's Assorted Antiques.
  9340 | D:10     | Entered Level 10 of the Dungeon
  9925 | D:10     | Noticed a two-headed ogre
 10008 | D:11     | Noticed Grum
 10008 | D:11     | Noticed a red ugly thing
 10016 | D:10     | Killed a red ugly thing
 10017 | D:10     | Reached XP level 11. HP: 95/95 MP: 11/11
 10055 | D:11     | Killed Grum
 10104 | D:11     | Found a staircase to the Orcish Mines.
 10276 | D:11     | Noticed Snorg
 10281 | D:11     | Killed Snorg
 10289 | D:11     | Reached *** piety under Qazlal
 10631 | D:10     | Killed a two-headed ogre
 10803 | D:10     | Found the +12 glaive of Prune {freeze, Prune}
 10947 | D:11     | Noticed a boulder beetle
 10959 | D:11     | Killed a boulder beetle
 10960 | D:11     | Reached skill level 1 in Throwing
 11434 | D:11     | Reached skill level 10 in Fighting
 11646 | D:11     | Found the +8 frozen axe "Frostbite" {freeze, freezing
                  | cloud, *Noise Fly rC+}
 11851 | D:12     | Found Bisunol's Distillery.
 11854 | D:12     | Bought a potion of ambrosia for 112 gold pieces
 11854 | D:12     | Bought a potion of resistance for 140 gold pieces
 11854 | D:12     | Bought a potion of invisibility for 112 gold pieces
 12023 | D:4      | Killed Edmund
 12435 | Lair:1   | Entered Level 1 of the Lair of Beasts
 12483 | Lair:1   | Reached skill level 1 in Invocations
 12726 | Lair:1   | Reached XP level 12. HP: 103/107 MP: 13/13
 12783 | Lair:1   | Reached **** piety under Qazlal
 13312 | Lair:2   | Noticed Ifreg's ghost (journeyman DjAl)
 13319 | Lair:2   | Reached skill level 5 in Invocations
 13562 | Lair:2   | Reached skill level 10 in Armour
 13775 | Lair:2   | Found a staircase to the Snake Pit.
 13814 | Lair:2   | Found a runed translucent gate.
 13815 | Lair:2   | Found a runed translucent gate.
 13815 | Lair:2   | Found a runed translucent gate.
 14296 | Lair:2   | Found a staircase to the Shoals.
 14553 | Lair:2   | Killed Ifreg's ghost
 14607 | Lair:3   | Noticed a six-headed hydra
 14616 | Lair:3   | Killed a six-headed hydra
 14701 | Lair:3   | Reached XP level 13. HP: 116/118 MP: 19/19
 14746 | Lair:3   | Reached ***** piety under Qazlal
 16639 | Lair:5   | Entered Level 5 of the Lair of Beasts
 16875 | Lair:5   | Reached skill level 15 in Fighting
 16875 | Lair:5   | Reached XP level 14. HP: 135/135 MP: 20/20
 17148 | Lair:5   | Identified the ring "Ypnacitu" {rN+++ Will- rCorr AC+4
                  | Int-3}
 17681 | Lair:5   | Reached skill level 1 in Dodging
 17868 | Lair:5   | Identified the serpent talisman of Enormous Creativity
                  | {SInv Stlth+}
 18046 | Lair:5   | Found a staircase to the Slime Pits.
 18374 | D:12     | Found a bloodstained altar of Trog.
 18382 | D:12     | Identified the +2 scimitar of Mapoluwy {venom, rF+ Will+
                  | Int+3}
 18471 | D:12     | Found Imoitto's Distillery.
 18479 | D:12     | Bought a potion of attraction for 39 gold pieces
 18479 | D:12     | Bought a potion of enlightenment for 65 gold pieces
 18650 | D:12     | Found Cyeshrakk's Book Shoppe.
 19092 | D:13     | Reached ****** piety under Qazlal
 19275 | D:13     | Identified a scroll of acquirement
 19276 | D:13     | Acquired the +4 pearl dragon scales of Bikk {rElec rN+
                  | Int+3}
 19290 | D:13     | Learned a level 1 spell: Apportation
 19293 | D:13     | Learned a level 2 spell: Blink
 19333 | D:13     | Found a radiant altar of Vehumet.
 19632 | D:14     | Reached skill level 1 in Translocations
 19754 | D:14     | Found a gate to the Vaults.
 19755 | D:14     | Noticed a vampire knight
 19758 | D:14     | Killed a vampire knight
 19794 | D:14     | Noticed Frances
 19800 | D:14     | Killed Frances
 19904 | D:14     | Noticed Louise
 19916 | D:14     | Killed Louise
 19917 | D:14     | Reached XP level 15. HP: 144/144 MP: 21/21
 20032 | D:14     | Found Jemaawk's Antique Weapon Emporium.
 20332 | D:14     | Noticed Rupert
 20342 | D:14     | Killed Rupert
 20798 | Orc:1    | Entered Level 1 of the Orcish Mines
 20904 | Orc:2    | Entered Level 2 of the Orcish Mines
 21140 | Orc:1    | You are sucked into a shaft and drop 1 floor!
 21239 | Orc:2    | Found a staircase to the Elven Halls.
 21291 | Orc:2    | Found Bahixesm's Distillery.
 21746 | Orc:2    | Found a roughly hewn altar of Beogh.
 21805 | Orc:2    | Found a roughly hewn altar of Beogh.
 21876 | Orc:2    | Found a roughly hewn altar of Beogh.
 21890 | Orc:2    | Reached skill level 5 in Translocations
 22093 | Orc:2    | Reached skill level 10 in Invocations
 22116 | Orc:2    | Found a roughly hewn altar of Beogh.
 22116 | Orc:2    | Found Jiemib's Jewellery Boutique.
 22126 | Orc:2    | Bought the amulet "Nejieth" {rF++ Regen+ Int+4} for 629
                  | gold pieces
 22237 | Orc:2    | Found a roughly hewn altar of Beogh.
 22237 | Orc:2    | Found Nunkerol's Antique Armour Shoppe.
 22238 | Orc:2    | Found Osmacluu's Antique Weapon Emporium.
 22415 | Orc:2    | Found a roughly hewn altar of Beogh.
 22422 | Orc:2    | Found Ytanunit's Armour Boutique.
 22478 | Orc:2    | Bought a potion of invisibility for 88 gold pieces
 22478 | Orc:2    | Bought a potion of invisibility for 88 gold pieces
 22478 | Orc:2    | Bought 2 potions of invisibility for 176 gold pieces
 22896 | D:15     | Entered Level 15 of the Dungeon
 22896 | D:15     | Found a transporter.
 22896 | D:15     | Found a transporter.
 22936 | D:15     | Identified the +1 robe of Nairghigy {rElec Int+2}
 22941 | D:15     | Noticed Jorgrun
 22952 | D:15     | Killed Jorgrun
 23181 | D:15     | Found a staircase to the Depths.
 23181 | D:15     | Noticed a fire giant
 23190 | D:15     | Killed a fire giant
 23921 | Snake:1  | Entered Level 1 of the Snake Pit
 23943 | Snake:1  | Reached XP level 16. HP: 115/151 MP: 13/25
 24985 | Snake:2  | Noticed Zebuhay's ghost (adept DgSh)
 24988 | Snake:2  | Found a runed translucent door.
 25015 | Snake:2  | Killed Zebuhay's ghost
 25471 | Snake:3  | Reached skill level 15 in Invocations
 26524 | Snake:4  | Entered Level 4 of the Snake Pit
 26616 | Snake:4  | Found a transporter.
 26616 | Snake:4  | Found a transporter.
 26621 | Snake:4  | Noticed Caerwyn's ghost (adept FeSh)
 26631 | Snake:4  | Found a bloodstained altar of Trog.
 26647 | Snake:4  | Killed Caerwyn's ghost
 26654 | Snake:4  | Identified the +1 helmet "Qelextuli" {rElec rF- rCorr
                  | Str+8}
 26827 | Snake:4  | Reached skill level 1 in Evocations
 27062 | Snake:4  | Reached skill level 5 in Throwing
 27169 | Snake:4  | Reached XP level 17. HP: 146/159 MP: 29/29
 27535 | Snake:4  | Noticed Donald
 27541 | Snake:4  | Killed Donald
 27986 | Snake:4  | Noticed a quicksilver dragon
 27991 | Snake:4  | Killed a quicksilver dragon
 28087 | Snake:4  | Got a serpentine rune of Zot
 28304 | Shoals:1 | Entered Level 1 of the Shoals
 28700 | Shoals:1 | Identified the granite talisman "Boat Vympucw" {MP+9 Str+3
                  | SInv}
 28700 | Shoals:1 | Noticed Roxanne
 28708 | Shoals:1 | Killed Roxanne
 29284 | Shoals:2 | Noticed a kraken
 29301 | Shoals:2 | Killed a kraken
 29723 | Shoals:2 | Found a transporter.
 29725 | Shoals:2 | Noticed Vephes's ghost (adept HuWn)
 29731 | Shoals:2 | Found a transporter.
 29793 | Shoals:2 | Killed Vephes's ghost
 29853 | Shoals:2 | Identified the ring "Usissex" {rElec rF+}
 30424 | Shoals:3 | Reached XP level 18. HP: 161/170 MP: 30/30
 30698 | Shoals:3 | Noticed Qefi's ghost (adept MiBe)
 31095 | Shoals:3 | Found a transporter.
 31161 | Shoals:3 | Found a transporter.
 31168 | Shoals:3 | Killed Qefi's ghost
 31182 | Shoals:3 | Identified the +0 helmet of the True Pharaoh {^Contam rF+
                  | rCorr Slay+6}
 31490 | Shoals:4 | Entered Level 4 of the Shoals
 31849 | Shoals:4 | Found the +1 robe of Vines {NoPotionHeal Regen++++}
 32457 | Shoals:4 | Got Woape's Spellbook of the Geological Lungs
 32774 | Shoals:4 | Found Marercha's Firing Range.
 32877 | Shoals:4 | Got a barnacled rune of Zot
 33145 | Elf:1    | Entered Level 1 of the Elven Halls
 33181 | Elf:1    | Reached skill level 15 in Armour
 33251 | Elf:1    | Noticed Nikola
 33262 | Elf:1    | Killed Nikola
 33643 | Elf:1    | Noticed Kirke
 33647 | Elf:1    | Killed Kirke
 33655 | Elf:1    | Reached XP level 19. HP: 180/180 MP: 32/32
 33827 | Elf:1    | Noticed Norris
 33843 | Elf:1    | Killed Norris
 34398 | Elf:2    | Got the Incunable of Compounds
 34495 | Elf:2    | Paralysed by an air elemental for 1 turns
 34646 | Elf:2    | Got Qesoczil's Papyrus of Attendants
 34799 | Elf:2    | Noticed Zenata
 34806 | Elf:2    | Killed Zenata
 34855 | Elf:2    | Found a runed translucent gate.
 34858 | Elf:2    | Found a runed translucent gate.
 34858 | Elf:2    | Found a runed translucent gate.
 34965 | Elf:2    | Got Sif Muna's Information on Hypothermia
 35150 | Elf:2    | Paralysed by an air elemental for 1 turns
 35207 | Elf:2    | Got the Atlas of the Brume
 35249 | Elf:3    | Entered Level 3 of the Elven Halls
 35503 | Elf:3    | Reached skill level 5 in Dodging
 35504 | Elf:3    | Noticed a Tzitzimitl
 35623 | Elf:3    | Found a huge runed translucent gate.
 35628 | Elf:3    | Found a huge runed translucent gate.
 35629 | Elf:3    | Found a huge runed translucent gate.
 35629 | Elf:3    | Found a huge runed translucent gate.
 35630 | Elf:3    | Found a huge runed translucent gate.
 35630 | Elf:3    | Found a huge runed translucent gate.
 35630 | Elf:3    | Found a huge runed translucent gate.
 35630 | Elf:3    | Found a huge runed translucent gate.
 35630 | Elf:3    | Found a huge runed translucent gate.
 35631 | Elf:3    | Found a huge runed translucent gate.
 35632 | Elf:3    | Found a huge runed translucent gate.
 35633 | Elf:3    | Found a huge runed translucent gate.
 35634 | Elf:3    | Found a huge runed translucent gate.
 35635 | Elf:3    | Found a huge runed translucent gate.
 35637 | Elf:3    | Found a huge runed translucent gate.
 35637 | Elf:3    | Found a huge runed translucent gate.
 35641 | Elf:3    | Found a huge runed translucent gate.
 35643 | Elf:3    | Found a huge runed translucent gate.
 35643 | Elf:3    | Found a huge runed translucent gate.
 35643 | Elf:3    | Found a huge runed translucent gate.
 35643 | Elf:3    | Found a huge runed translucent gate.
 35645 | Elf:3    | Found a huge runed translucent gate.
 35685 | Elf:3    | Found a huge runed translucent gate.
 35686 | Elf:3    | Found a huge runed translucent gate.
 35687 | Elf:3    | Found a huge runed translucent gate.
 35688 | Elf:3    | Found a huge runed translucent gate.
 35688 | Elf:3    | Found a huge runed translucent gate.
 35693 | Elf:3    | Found a huge runed translucent gate.
 35694 | Elf:3    | Found a huge runed translucent gate.
 35694 | Elf:3    | Found a huge runed translucent gate.
 35694 | Elf:3    | Found a huge runed translucent gate.
 35694 | Elf:3    | Found a huge runed translucent gate.
 35696 | Elf:3    | Found a huge runed translucent gate.
 35697 | Elf:3    | Found a huge runed translucent gate.
 35698 | Elf:3    | Found a huge runed translucent gate.
 35698 | Elf:3    | Found a huge runed translucent gate.
 35764 | Elf:3    | Found an ancient bone altar of Kikubaaqudgha.
 35862 | Elf:3    | Reached XP level 20. HP: 195/195 MP: 34/34
 35874 | Elf:3    | Identified the ring "Ikuot" {Str+6 Dex+4}
 35998 | Elf:3    | Identified the +3 scale mail of Quakoppo {Fly Slay+3}
 36315 | Elf:3    | Identified the +9 eveningstar "Fuefuc" {flame, +Blink rElec
                  | rPois Will-}
 36315 | Elf:3    | Noticed december12's ghost (adept BaAr)
 36315 | Elf:3    | Noticed Taefomeze's ghost (adept DrNe)
 36315 | Elf:3    | Noticed Ofretuj's ghost (adept DsSu)
 36315 | Elf:3    | Noticed Eklaxil's ghost (journeyman DEBr)
 36316 | Elf:3    | Noticed Taits's ghost (adept DsFE)
 36317 | Elf:3    | Killed Eklaxil's ghost
 36325 | Elf:3    | Killed Taits's ghost
 36328 | Elf:3    | Killed december12's ghost
 36330 | Elf:3    | Killed Taefomeze's ghost
 36343 | Elf:3    | Killed Ofretuj's ghost
 36347 | Elf:3    | Identified the ring "Neiqihikyx" {AC+4 Str+5 Int+3}
 36370 | Elf:3    | Identified the +1 spear of Xom's Displeasure {holy, rN+
                  | Dex+2 Stlth+}
 36382 | Elf:3    | Identified the staff of Daipae {rElec Will- Str+2 Dex+7
                  | Stlth+ Air}
 36466 | Elf:3    | Identified the +3 war axe of Equilibrium {heavy, Will+
                  | Str+3}
 36488 | Abyss:3  | Cast into level 3 of the Abyss (a deep elf sorcerer)
 36498 | Abyss:3  | Found a corrupted altar of Lugonu.
 36549 | Abyss:3  | Found a corrupted altar of Lugonu.
 36641 | Abyss:3  | Noticed a bone dragon
 36642 | Abyss:3  | Found a corrupted altar of Lugonu.
 36783 | Abyss:3  | Found a corrupted altar of Lugonu.
 36959 | Abyss:3  | Found a corrupted altar of Lugonu.
 37143 | Abyss:3  | Reached skill level 10 in Throwing
 37168 | Abyss:3  | Noticed a dread lich
 37190 | Abyss:3  | Killed a dread lich
 37382 | Abyss:3  | Got an abyssal rune of Zot
 37387 | Abyss:3  | Reached XP level 21. HP: 61/204 MP: 8/35
 37400 | Elf:3    | Escaped the Abyss
 37409 | Elf:3    | Got Sif Muna's Lectures on Dislocation
 37507 | Elf:3    | Identified the +5 scale mail of Duck's Teeth {Str-4 Int+3
                  | Dex+6 Slay-3}
 37537 | Elf:3    | Got the Octavo of the Beguiling Glacier
 37764 | Vaults:1 | Entered Level 1 of the Vaults
 38838 | Vaults:2 | Identified the ring of Miastremp {MP+9 Str+5 Int+3 Dex+2}
 38839 | Vaults:2 | Identified the +3 triple sword "Beetleslayer" {flame, rC-
                  | Will+ Int+4}
 38984 | Vaults:2 | Noticed Bai Suzhen
 38995 | Vaults:2 | Killed Bai Suzhen
 39096 | Vaults:2 | Found a staircase to the Crypt.
 39727 | Vaults:2 | Identified the +3 robe "Ecwiz" {rC+ Str-3 Dex+2 Slay+2}
 39727 | Vaults:2 | Noticed Boris
 39734 | Vaults:2 | Killed Boris
 40026 | Vaults:3 | Found a crumbling gateway.
 40040 | Desolati | Entered the Desolation of Salt
 40162 | Desolati | Identified the +5 shortbow "Cuank" {freeze, rCorr Int+3}
 40187 | Desolati | Identified the +5 hand axe "Gallobli" {drain, rC+ Int+2}
 40188 | Desolati | Identified the +8 plate armour "Vepnymo" {-Cast +Blink
                  | Dex+5}
 40200 | Desolati | Got the Parchment of Arenous Sinister Arts
 40413 | Desolati | Got the Textbook on Intense Turbulence
 40504 | Desolati | Identified the +5 plate armour of the Harp {rC+ Regen+
                  | Dex+2}
 40513 | Desolati | Found the +5 robe of Night {Dark Will+ SInv}
 40785 | Vaults:3 | Reached XP level 22. HP: 206/220 MP: 36/36
 41272 | Vaults:3 | Identified the +4 robe of the Old and Reckless {rC+ rN+}
 41272 | Vaults:3 | Noticed Boris
 41285 | Vaults:3 | Killed Boris
 42130 | Vaults:4 | Found Xothe's Antique Armour Shop.
 42240 | Vaults:4 | Found a runed translucent gate.
 42240 | Vaults:4 | Found a runed translucent gate.
 42240 | Vaults:4 | Found a runed translucent gate.
 42241 | Vaults:4 | Noticed alcopop's ghost (veteran DsAl)
 42275 | Vaults:4 | Killed alcopop's ghost
 42276 | Vaults:4 | Reached skill level 10 in Dodging
 42342 | Vaults:4 | Identified the ring "Isicri" {rF+ Str-3 Int+6 Slay+4 SInv}
 42708 | Vaults:4 | Found a portal to a secret trove of treasure.
 42969 | Vaults:5 | Entered Level 5 of the Vaults
 42979 | Vaults:5 | Noticed an ancient lich
 42986 | Vaults:5 | Noticed a dread lich
 42994 | Vaults:5 | Reached XP level 23. HP: 216/229 MP: 4/37
 43136 | Vaults:5 | Noticed an ancient lich
 43142 | Vaults:5 | Killed a dread lich
 43148 | Vaults:5 | Killed an ancient lich
 43169 | Vaults:4 | Killed an ancient lich
 43276 | Vaults:5 | Noticed an ancient lich
 43285 | Vaults:5 | Killed an ancient lich
 43297 | Vaults:5 | Identified the ring of Wisdom {^Drain rC+ rN+ Int+2 Dex+4}
 43677 | Vaults:5 | Got a silver rune of Zot
 43715 | Vaults:5 | Identified the +0 long sword of Defenestration {venom,
                  | Will- Int+9 Dex+3 Stlth-}
 43952 | Vaults:5 | Identified the +3 scale mail of Omission {rPois rN+}
 44045 | Vaults:5 | Got the Encyclopedia of Conflict
 44957 | Slime:1  | Entered Level 1 of the Pits of Slime
 44959 | Slime:1  | Gained mutation: You occasionally lose the ability to read
                  | scrolls when taking damage. [a shining eye]
 45171 | Slime:3  | Gained mutation: You do not regenerate when monsters are
                  | visible. [a shining eye]
 45176 | Slime:3  | Lost mutation: You do not regenerate when monsters are
                  | visible. [potion of mutation]
 45176 | Slime:3  | Lost mutation: You occasionally lose the ability to read
                  | scrolls when taking damage. [potion of mutation]
 45176 | Slime:3  | Gained mutation: You are vulnerable to heat. (rF-) [potion
                  | of mutation]
 45176 | Slime:3  | Gained mutation: You have large cloven feet. [potion of
                  | mutation]
 45176 | Slime:3  | Gained mutation: You possess an exceptional clarity of
                  | mind. [potion of mutation]
 45278 | Slime:5  | Entered Level 5 of the Pits of Slime
 45335 | Slime:5  | Reached XP level 24. HP: 216/238 MP: 37/37
 45335 | Slime:5  | Noticed the Royal Jelly
 45344 | Slime:5  | Killed the Royal Jelly
 45413 | Slime:5  | Reached skill level 15 in Throwing
 45500 | Slime:5  | Identified the +0 helmet of the End {rN+ Str+3}
 45531 | Slime:5  | Identified the ring "Esmufy" {*Slow rF- rC+ Int+6 Dex+9}
 45582 | Slime:5  | Got a slimy rune of Zot
 45586 | Slime:5  | Got a starry gem with 139 turns to spare
 45595 | Slime:5  | Upgraded the game from 0.32-a0-306-gfed3edf to
                  | 0.32-a0-312-g1d7162e
 45623 | Slime:5  | Got the Anthology of Fermentation and Phlogiston
 45643 | Slime:5  | Gained mutation: You have a pair of small antennae on your
                  | head. [a shining eye]
 45696 | Lair:5   | Lost mutation: You have a pair of small antennae on your
                  | head. [potion of mutation]
 45696 | Lair:5   | Lost mutation: You possess an exceptional clarity of mind.
                  | [potion of mutation]
 45696 | Lair:5   | Lost mutation: You are vulnerable to heat. (rF-) [potion of
                  | mutation]
 45696 | Lair:5   | Gained mutation: You are partially covered in iridescent
                  | scales. (AC +2) [potion of mutation]
 45696 | Lair:5   | Gained mutation: You occasionally shout uncontrollably at
                  | your foes. [potion of mutation]
 45696 | Lair:5   | Gained mutation: You have very sharp teeth. [potion of
                  | mutation]
 45907 | Orc:2    | Bought a potion of mutation for 88 gold pieces
 45907 | Orc:2    | Bought a potion of curing for 33 gold pieces
 45907 | Orc:2    | Bought a potion of curing for 33 gold pieces
 45907 | Orc:2    | Bought 2 potions of curing for 66 gold pieces
 45978 | D:9      | Bought a potion of curing for 72 gold pieces
 46028 | D:12     | Bought 2 potions of curing for 78 gold pieces
 46028 | D:12     | Bought a potion of curing for 39 gold pieces
 46028 | D:12     | Bought a potion of curing for 39 gold pieces
 46028 | D:12     | Bought a potion of ambrosia for 104 gold pieces
 46028 | D:12     | Bought a potion of curing for 39 gold pieces
 46028 | D:12     | Bought a potion of mutation for 104 gold pieces
 46028 | D:12     | Bought 2 potions of curing for 78 gold pieces
 46145 | Crypt:1  | Entered Level 1 of the Crypt
 46613 | Crypt:1  | Noticed Khufu
 46616 | Crypt:1  | Noticed a royal mummy
 46624 | Crypt:1  | Killed Khufu
 46631 | Crypt:1  | Killed a royal mummy
 46638 | Crypt:1  | Got Sucigiw's Catalogue of Bewitchment and Oromancy
 46644 | Crypt:1  | Learned a level 4 spell: Vhi's Electric Charge
 47475 | Crypt:2  | Reached skill level 5 in Evocations
 48262 | Crypt:3  | Entered Level 3 of the Crypt
 48402 | Crypt:3  | Reached skill level 1 in Air Magic
 48655 | Crypt:3  | Found a basalt altar of Yredelemnul.
 48865 | Crypt:3  | Identified the amulet of the Fortune-Teller {Reflect Int+2
                  | Slay+3 SH+5 SInv}
 48902 | Crypt:3  | Identified the staff of Fear {rF+ Will++ Int+2 Dex-5 Fire}
 48908 | Crypt:3  | Identified the +5 whip of Beosueli {freeze, rElec Will+++
                  | Str-4 Dex-2}
 48910 | Crypt:3  | Got the Lectures on Left-Handed Liturgies
 49260 | Crypt:3  | Found a staircase to the Tomb.
 49764 | Crypt:3  | Identified the amulet of Zuph {Faith -Tele rElec rPois
                  | Int+6}
 49852 | Crypt:3  | Reached skill level 5 in Air Magic
 50273 | Depths:1 | Entered Level 1 of the Depths
 50273 | Depths:1 | Found a gateway to Hell.
 50387 | Depths:1 | Reached XP level 25. HP: 245/245 MP: 37/37
 50413 | Depths:1 | Found a snail-covered altar of Cheibriados.
 50929 | Depths:1 | Identified the ring "Kuoggeipp" {Fly Will+}
 50933 | Depths:1 | Identified the ring "Xutoxeus" {Ice rPois Str+2 Dex+2}
 52120 | Depths:2 | Found a one-way gate to the infinite horrors of the Abyss.
 52365 | Depths:2 | Found a basalt altar of Yredelemnul.
 52383 | Depths:2 | Found Voke's Antique Weapon Emporium.
 52408 | Depths:2 | Found a one-way gate leading to the halls of Pandemonium.
 52668 | Depths:3 | Noticed Mennas
 52680 | Depths:3 | Killed Mennas
 52873 | Depths:3 | Reached skill level 10 in Translocations
 53784 | Depths:4 | Entered Level 4 of the Depths
 53785 | Depths:4 | Noticed Jory
 53786 | Depths:4 | Noticed a juggernaut
 53795 | Depths:4 | Identified the ring of Coess {Ice rPois Will+ Int+3}
 53795 | Depths:4 | Noticed Josephina
 53796 | Depths:4 | Reached XP level 26. HP: 155/254 MP: 18/39
 53796 | Depths:4 | Identified the +2 robe of Instinct {Harm Int-5 Archmagi}
 53796 | Depths:4 | Noticed Boris
 53960 | Depths:4 | Found a one-way gateway to a ziggurat.
 53998 | Depths:4 | Killed Jory
 53998 | Depths:4 | Killed a juggernaut
 54003 | Depths:4 | Killed Boris
 54088 | Depths:4 | Killed Josephina
 54120 | Depths:4 | Identified the orb of Efojer {light, Summ}
 54120 | Depths:4 | Noticed Frederick
 54126 | Depths:4 | Killed Frederick
 54193 | Depths:4 | Noticed Sojobo
 54220 | Depths:4 | Killed Sojobo
 54343 | Depths:4 | Found a gate to the Realm of Zot.
 54807 | Depths:4 | Found Utovi's Book Shoppe.
 55092 | Zot:1    | Entered Level 1 of the Realm of Zot
 55233 | Zot:1    | Noticed an orb of fire
 55236 | Zot:1    | Gained mutation: You do not regenerate when monsters are
                  | visible. [an orb of fire]
 55259 | Zot:1    | Killed an orb of fire
 55268 | Zot:1    | Lost mutation: You have very sharp teeth. [potion of
                  | mutation]
 55268 | Zot:1    | Lost mutation: You have large cloven feet. [potion of
                  | mutation]
 55268 | Zot:1    | Gained mutation: You are agile. (Dex +4, Str/Int -1)
                  | [potion of mutation]
 55268 | Zot:1    | Gained mutation: Your muscles are strong. (Str +4, Int/Dex
                  | -1) [potion of mutation]
 55268 | Zot:1    | Gained mutation: You possess an exceptional clarity of
                  | mind. [potion of mutation]
 55268 | Zot:1    | Gained mutation: You are somewhat resistant to further
                  | mutation. [potion of mutation]
 55269 | Zot:1    | Lost mutation: Your muscles are strong. (Str +4, Int/Dex
                  | -1) [potion of mutation]
 55269 | Zot:1    | Lost mutation: You are agile. (Dex +4, Str/Int -1) [potion
                  | of mutation]
 55269 | Zot:1    | Gained mutation: Your flesh is heat resistant. (rF+)
                  | [potion of mutation]
 55270 | Zot:1    | Lost mutation: You do not regenerate when monsters are
                  | visible. [potion of mutation]
 55270 | Zot:1    | Lost mutation: Your flesh is heat resistant. (rF+) [potion
                  | of mutation]
 55270 | Zot:1    | Lost mutation: You occasionally shout uncontrollably at
                  | your foes. [potion of mutation]
 55423 | Zot:1    | Noticed an orb of fire
 55431 | Zot:1    | Killed an orb of fire
 55432 | Zot:1    | Reached skill level 27 in Invocations
 56535 | Zot:2    | You are sucked into a shaft and drop 1 floor!
 57106 | Zot:2    | Found a shimmering blue altar of Sif Muna.
 58114 | Zot:3    | Reached XP level 27. HP: 263/264 MP: 40/40
 59121 | Zot:4    | Identified the staff "Uqestizxar" {rElec rC+ Air}
 59125 | Zot:4    | Identified the storm talisman of Owuankik {rF+ rCorr Str+3
                  | SInv}
 59134 | Zot:4    | Identified the staff of Neut {rElec Stlth+ Air}
 59411 | Zot:5    | Entered Level 5 of the Realm of Zot
 59828 | Zot:5    | Noticed an orb of fire
 59837 | Zot:5    | Killed an orb of fire
 59837 | Zot:5    | Noticed an orb of fire
 59843 | Zot:5    | Killed an orb of fire
 59848 | Zot:5    | Noticed a dread lich
 59851 | Zot:5    | Killed a dread lich
 59855 | Zot:5    | Noticed an orb of fire
 59864 | Zot:5    | Killed an orb of fire
 59869 | Zot:5    | Noticed an ancient lich
 59875 | Zot:5    | Killed an ancient lich
 59877 | Zot:5    | Noticed a dread lich
 59881 | Zot:5    | Killed a dread lich
 59881 | Zot:5    | Noticed a dread lich
 59885 | Zot:5    | Killed a dread lich
 59936 | Zot:5    | Noticed an ancient lich
 59939 | Zot:5    | Killed an ancient lich
 60206 | Zot:5    | Identified the ring "Ciguisk" {rPois rC+}
 60271 | Zot:5    | Reached skill level 27 in Fighting
 60290 | Zot:5    | Got the Orb of Zot
 60386 | Zot:1    | Identified the +3 robe "Adijonuo" {Str+6}
 60386 | Zot:1    | Noticed Boris
 60854 | D:$      | Escaped with the Orb!

Illustrated notes

Levels and vault maps discovered:
D:1:      eino_arrival_druids_welcome, layout_basic,
          shapermc_ecumenical_altar_venn, roderic_roman_lattice,
          hangedman_decor_push, grunt_decor_clamped, hangedman_decor_opposing
D:2:      layout_basic, basic_altar, serial_shops, shop, serial_corexii_hall,
          corexii_hall_statues_t, corexii_hall_statues_deadend
D:3:      minmay_wonky_spiral, layout_basic, lemuel_doored_altar
D:4:      layout_gridville, nicolae_sif_muna_condensation,
          nicolae_shop_i_like_small_books_too, reono_crystal_passage,
          hangedman_abyss_or_decor_slice, kennysheep_cross_bottleneck,
          uniq_edmund
D:5:      layout_layer_cave, mainiacjoe_ossuary_entry_dusty_tomb,
          biasface_ghost_orc_armoury, dk_rats_in_the_wall
D:6:      layout_rooms, nicolae_overflow_hallway_of_the_gods
D:7:      layout_cave_pools, lemuel_coloured_pillars_altar,
          minmay_temple_entry_fiery, uniq_jeremiah
D:8:      layout_rooms, minivault_25
D:9:      layout_basic, david_lair_generic, serial_shops, shop, uniq_maurice
D:10:     layout_cave_pods, serial_column_ruins, column_ruins_square_medium,
          column_ruins_open_medium_water, column_ruins_open_tiny,
          column_ruins_columns_T, column_ruins_open_tiny, column_ruins_grid_3,
          column_ruins_grid_1
D:11:     layout_loops_cross, orc_david_3, hellmonk_guarded_unrand_frostbite,
          uniq_grum, uniq_snorg
D:12:     layout_roguey, serial_shops, nicolae_shop_behind_doors,
          nicolae_shop_stone, nicolae_shop_competitors_out_of_business,
          trog_antimagical
D:13:     layout_basic, grunt_decor_junction, vehumet_altar_wand_db
D:14:     layout_roguey, hellmonk_vaults_attempted_burglary,
          gauntlet_entry_generic, serial_shops, nicolae_shop_real_fake_doors,
          nicolae_elevator_lobby_asterisk, nrook_campfire, uniq_rupert,
          uniq_louise, uniq_frances
D:15:     grunt_enter_depths_giant_problem, layout_cave_pods,
          nicolae_diode_stairs, uniq_jorgrun
Lair:1:   layout_regular_city, serial_bayou_crossing, grunt_megastairs_5
Lair:2:   layout_cave_pods, minmay_shoals_entry_centaurs,
          minmay_snake_entry_guardpost_small, gammafunk_ghost_split
Lair:3:   layout_gridlike, infiniplex_staircase_pool, grunt_megastairs_2
Lair:4:   layout_cave_pods, small_statue_intersection, serial_bayou_shore_a
Lair:5:   hangedman_lair_in_review, layout_misc_corridors, wormcave,
          minmay_slime_entry_oklob_enclosed, st_stairs_5,
          pdpol_lair_cavern_descent
Shoals:1: layout_shoals, uniq_roxanne
Shoals:2: cheibrodos_shoals_three_sisters, layout_shoals, gammafunk_ghost_arena,
          nicolae_shoals_flooded_hall
Shoals:3: layout_shoals, gammafunk_ghost_berserking_beasts
Shoals:4: shoals_end_hangedman, layout_shoals, nicolae_shop_firing_range
Snake:1:  layout_cave_shapes
Snake:2:  layout_misc_corridors, hellmonk_ghost_happy_afterlife
Snake:3:  layout_rooms, drop_trap
Snake:4:  hellmonk_snake_rune_quicksilver_temple, layout_grid_maze,
          gammafunk_ghost_wrathful_warriors, serial_bayou_ford_a,
          lemuel_fruit_tree, serial_bayou_shore_b, uniq_donald
Slime:1:  layout_caves
Slime:2:  layout_caves
Slime:3:  layout_caves
Slime:4:  layout_caves
Slime:5:  slime_pit_nicolae_block_by_block
Orc:1:    layout_caves
Orc:2:    grunt_orc_community_town_hall, layout_diamond_mine,
          grunt_orc_community_big_house_2, grunt_orc_community_big_house_1,
          grunt_orc_community_house_1, grunt_orc_community_house_2,
          grunt_orc_community_house_1, grunt_orc_community_house_3,
          grunt_orc_community_house_2, grunt_orc_community_house_3,
          serial_shops, shop, minmay_orc_barracks
Elf:1:    layout_geoelf_grid, hangedman_elf_disciples, uniq_kirke, uniq_norris,
          uniq_nikola
Elf:2:    nicolae_elf_blades_splatter_lattice
          [nicolae_blade_entry_area_security], layout_loops_corners,
          serial_magic_research, hangedman_research_electronics,
          hangedman_research_thermodynamics, hangedman_research_convocations,
          hangedman_research_toxicology, uniq_zenata, uniq_agnes
Elf:3:    minmay_elf_hall_quartered_circle, layout_geoelf_octagon,
          gammafunk_ghost_door_vault, basic_altar
Vaults:1: ontoclasm_vaults_ring_small, v_pattern_3,
          nicolae_vaults_ring_of_whatevers, nicolae_vaults_wine_cellar,
          vaults_room_semicircle, nicolae_vaults_border_crossing,
          vaults_dpeg_diagonal, nicolae_vaults_trapezoid_lopsided_3,
          layout_vaults_omnigrid
Vaults:2: nicolae_vaults_closet_pinwheel_1, v_misc_18, v_misc_13, v_misc_30,
          minmay_crypt_entry_nasty_monster, hangedman_vaults_corner_blocks,
          v_rooms_1, dpeg_vaults_monster_row, hangedman_vaults_river_flow,
          nicolae_vaults_stand_back, nicolae_vaults_house_3,
          nicolae_vaults_trapezoid_4, layout_vaults_omnibox, uniq_bai_suzhen,
          uniq_boris
Vaults:3: portal_desolation_entry_garden, nicolae_vaults_network_s,
          nicolae_vaults_house_3, v_rooms_4, nicolae_vaults_more_shelving_2,
          ontoclasm_vaults_bender, nicolae_vaults_what_the_h,
          nicolae_vaults_doubleplus_tesselated, v_misc_32,
          nicolae_vaults_apartment_1, v_misc_14, vaults_room_door_ring,
          layout_vaults_big_cross
Vaults:4: gammafunk_ghost_spectres, hangedman_vaults_trim,
          hangedman_vaults_maws, nicolae_vaults_closet_pinwheel_4,
          nicolae_vaults_tangram_2, nicolae_vaults_asterisk,
          nicolae_vaults_little_ls, vaults_room_door_hall,
          nicolae_vaults_closet_pinwheel_5, v_misc_3, layout_vaults_maze_bifur,
          serial_shops, shop, enter_trove_5
Vaults:5
Crypt:1:  ragdoll_tomb_raider, layout_gridlike
Crypt:2:  layout_gridlike
Crypt:3:  evilmike_haunted_forest
Depths:1: layout_gridlike, hell_entry, cheibriados_altar_2,
          minmay_checkered_concentric_circles, nicolae_triple_integral
Depths:2: minmay_the_grid_3x3 [minmay_the_grid_minigrid_large,
          minmay_the_grid_rooms, minmay_the_grid_doors,
          minmay_the_grid_minigrid_small, minmay_the_grid_fan,
          minmay_the_grid_airy, minmay_the_grid_minigrid_small_alt,
          minmay_the_grid_expand, minmay_the_grid_prize_four_corners_diamond_b],
          layout_gridlike, serial_shops, kennysheep_mini,
          grunt_hell_entry_dis_grunt, grunt_pan_entry_in_and_out,
          minmay_room_of_horrors, nicolae_water_bricks,
          lemuel_zombie_altar_yredelemnul, minmay_staircase_statues
Depths:3: minmay_tri_box, layout_honeycomb, abyss_entry_small_statue_room,
          minmay_misc_feat_enclosed, hell_entry, wad_floor_pattern_untrapped,
          uniq_grunn, uniq_mennas
Depths:4: grunt_zot_entry_funnels, layout_gridlike, enter_ziggurat_f,
          abyss_entry, serial_bayou_pond_d, serial_shops, shop, hell_entry,
          serial_sigils_hangedman_confine, uniq_frederick, uniq_jory,
          uniq_josephina, uniq_sojobo
Zot:1:    lemuel_firehouse, layout_cathedral_of_symmetry, grunt_ministairs_14
Zot:2:    layout_misc_corridors, regret_index_zotdec_stipple_waver,
          regret_index_zotdec_magical_s
Zot:3:    layout_cathedral_of_symmetry, regret_index_zotdec_banners
Zot:4:    infiniplex_zot_generator, layout_concentric_octagons,
          hangedman_zot_diagonal_lockstep
Zot:5:    layout_basic

Skill      XL: |  1  2  3  4  5  6  7  8  9 10 11 12 13 14 15 16 17 18 19 20 21 22 23 24 25 26 27 |
---------------+----------------------------------------------------------------------------------+-----
Axes           | 3 4 5 6 8 9 11 12 14 16 17 18 19 21 22 23 24 | 24.0
Fighting       | 5 8 10 12 15 16 17 18 20 21 23 24 27 | 27.0
Armour         | 5 6 7 9 11 12 14 15 16 18 20 21 24 | 24.0
Shields        | 4 |  4.0
Throwing       | 2 5 6 8 10 14 16 | 16.0
Invocations    | 2 8 13 16 17 19 20 24 27 | 27.0
Dodging        | 4 5 7 9 11 12 13 | 13.2
Translocations | 2 5 6 8 10 | 10.0
Evocations     | 2 4 8 |  8.0
Air Magic      | 5 8 |  8.0

Action                     |  1- 3 |  4- 6 |  7- 9 | 10-12 | 13-15 | 16-18 | 19-21 | 22-24 | 25-27 || total
---------------------------+-------+-------+-------+-------+-------+-------+-------+-------+-------++-------
  Melee: War axe           |    79 |   183 |   443 |    61 |       |       |       |       |       ||   766
         Broad axe         |       |       |       |   211 |       |       |       |       |    24 ||   235
         Unarmed           |       |       |       |     2 |       |       |       |       |       ||     2
         Executioner's axe |       |       |       |   171 |   687 |   817 |   961 |  1087 |  1269 ||  4992
         Flail             |       |       |       |     2 |     5 |       |       |       |       ||     7
         Bite              |       |       |       |       |       |       |       |    97 |   100 ||   197
  Throw: Stone             |       |     4 |     9 |    13 |    31 |     6 |       |       |       ||    63
         Dart              |       |       |     7 |    10 |     7 |     3 |       |       |       ||    27
         Boomerang         |       |       |       |       |       |   142 |    63 |    26 |    90 ||   321
         Javelin           |       |       |       |       |       |     1 |     1 |     6 |       ||     8
   Cast: Blink             |       |       |       |       |     1 |       |     1 |       |       ||     2
         Apportation       |       |       |       |       |       |       |     6 |       |       ||     6
         Vhi's Electric Ch |       |       |       |       |       |       |       |     1 |     3 ||     4
 Invoke: Upheaval          |       |       |       |     3 |    16 |    21 |    16 |    10 |    11 ||    77
         Disaster Area     |       |       |       |       |     1 |     5 |     8 |     9 |     5 ||    28
         Elemental Force   |       |       |       |       |     1 |     2 |     1 |     1 |     1 ||     6
  Evoke: Wand              |       |       |     2 |     8 |     1 |     4 |       |       |     3 ||    18
    Use: Scroll            |       |       |    12 |     8 |     4 |     9 |     8 |    12 |     8 ||    61
         Potion            |       |       |     1 |     2 |     2 |     3 |     7 |     6 |    11 ||    32
   Stab: Confused          |       |       |       |     1 |       |       |       |       |       ||     1
         Invisible         |       |       |       |       |     2 |       |       |       |       ||     2
         Paralysed         |       |       |       |       |       |     1 |     1 |     1 |     1 ||     4
         Distracted        |       |       |       |       |       |       |     1 |     1 |     1 ||     3
 Armour: Scale mail        |    51 |   137 |   305 |     7 |       |       |       |       |       ||   500
         Chain mail        |       |       |       |   249 |   188 |       |       |       |       ||   437
         Skin              |       |       |       |     1 |       |       |       |       |       ||     1
         Pearl dragon scal |       |       |       |       |   225 |   766 |   629 |   652 |   989 ||  3261
  Dodge: Dodged            |    42 |    72 |   156 |   125 |   217 |   403 |   317 |   456 |   560 ||  2348
         Repelled          |       |       |       |     1 |    11 |    32 |    21 |    10 |    28 ||   103
  Block: Buckler           |    20 |    47 |    81 |    75 |       |       |       |       |       ||   223
         Other             |       |       |       |    54 |   245 |   245 |   169 |   203 |   244 ||  1160
         Reflection        |       |       |       |     4 |    29 |       |       |       |       ||    33

Table legend: (Time is in decaauts)
 A = Elapsed time spent in this place.
 B = Non-inter-level travel time spent in this place.
 C = Inter-level travel time spent in this place.
 D = Time resting spent in this place.
 E = Time spent auto-exploring this place.
 F = Levels seen in this place.
 G = Mean time per level.
                   A        B        C        D        E       F      G
               +--------+--------+--------+--------+--------+-----+--------+
         Total |  59588 |  54886 |   4702 |   4014 |  37603 |  58 | 1027.4 |
       Dungeon |  16370 |  14461 |   1909 |   1115 |   9791 |  15 | 1091.3 |
          Lair |   6197 |   5539 |    658 |    238 |   4384 |   5 | 1239.4 |
        Shoals |   4598 |   4415 |    183 |    433 |   3030 |   4 | 1149.5 |
     Snake Pit |   4292 |   4124 |    168 |    640 |   2631 |   4 | 1073.0 |
    Slime Pits |    570 |    506 |     64 |     55 |      3 |   5 |  114.0 |
  Orcish Mines |   2122 |   1861 |    261 |    130 |   1159 |   2 | 1061.0 |
   Elven Halls |   3491 |   3318 |    173 |    279 |   2171 |   3 | 1163.7 |
        Vaults |   6376 |   5802 |    574 |    198 |   4440 |   5 | 1275.2 |
         Crypt |   3773 |   3577 |    196 |    198 |   2665 |   3 | 1257.7 |
        Depths |   4646 |   4366 |    280 |    172 |   3328 |   4 | 1161.5 |
           Zot |   5089 |   4855 |    234 |    195 |   3598 |   5 | 1017.8 |
         Abyss |    829 |    829 |      0 |     34 |      0 |   1 |  829.0 |
       Ossuary |    649 |    649 |      0 |    257 |     71 |   1 |  649.0 |
    Desolation |    579 |    579 |      0 |     66 |    331 |   1 |  579.0 |
               +--------+--------+--------+--------+--------+-----+--------+

Top non-repeatable levels by time:
 Snake:4: 1650 daAuts
 Crypt:3: 1635 daAuts
   Orc:2: 1633 daAuts
  Lair:5: 1632 daAuts
Depths:3: 1451 daAuts
    D:11: 1423 daAuts
  Lair:2: 1416 daAuts
Vaults:3: 1398 daAuts
     D:5: 1373 daAuts
Vaults:5: 1373 daAuts
  Lair:4: 1347 daAuts
   Zot:3: 1336 daAuts
   Elf:3: 1321 daAuts
    D:10: 1319 daAuts
    D:14: 1315 daAuts
